 Dungeon Crawl Stone Soup version 0.18.1-48-g4cf74bf (webtiles) character file.

746 Heedrag the Cleaver (level 7, 0/85 HPs)
             Began as a Minotaur Fighter on Aug 5, 2016.
             Succumbed to a killer bee's poison
             ... on level 9 of the Dungeon.
             The game lasted 00:07:24 (3741 turns).

Heedrag the Cleaver (Minotaur Fighter)              Turns: 3741, Time: 00:07:24

Health: 0/85       AC: 23    Str: 21 (23) XL:     7   Next: 48%
Magic:  6/6        EV:  2    Int:  3 (5)  God:
Gold:   277        SH:  9    Dex:  8 (9)  Spells: 0 memorised, 6 levels left

rFire  . . .     SeeInvis .     a - +0 war axe
rCold  + . .     Gourm    .     (armour currently unavailable)
rNeg   + + +     Faith    .     c - +0 shield
rPois  +         Spirit   .     (helmet currently unavailable)
rElec  .         Dismiss  .     (cloak currently unavailable)
rCorr  .         Reflect  .     (gloves currently unavailable)
SustAt .         Harm     +     (boots currently unavailable)
MR     .....     NoTele   +     k - amulet of harm
Stlth  +.........               y - ring of protection from cold
                                l - ring of flight

@: lethally poisoned (0 -> -17), tree-form, very slightly contaminated, hasted,
very quick, not resistant to hostile enchantments, very unstealthy
A: (retaliatory headbutt), (horns 0)
a: no special abilities


You were on level 9 of the Dungeon.
You were not hungry.
You were a tree.
You visited 1 branch of the dungeon, and saw 7 of its levels.

You collected 277 gold pieces.

Inventory:

Hand Weapons
 a - a +0 war axe (weapon)
 A - the +8 bow of Krishna "Sharnga" {speed, Dex+3 SInv}
   (You found it on level 5 of the Dungeon)

   Attacks with this weapon are significantly faster.
   It affects your dexterity (+3).
   It lets you see invisible.
Armour
 b - a +0 scale mail (melded)
 c - a +0 shield (worn)
 z - a +0 pair of boots
Jewellery
 k - an amulet of harm (around neck)
 l - a ring of flight (left branch)
 n - an uncursed ring of ice
 y - a ring of protection from cold (right branch)
 E - a +4 ring of intelligence {unknown}
Wands
 u - a wand of lightning (6/15)
Scrolls
 e - 4 scrolls of teleportation {unknown}
 g - 8 scrolls of identify {unknown}
 i - 4 scrolls of remove curse {unknown}
 q - a scroll of fog {unknown}
 s - a scroll of enchant armour {unknown}
 w - 4 scrolls of enchant weapon {unknown}
Potions
 d - a potion of might
 h - a potion of haste
 m - 4 potions of degeneration
 t - a potion of lignification
 v - a potion of cure mutation {unknown}
 x - a potion of curing {unknown}
 C - a potion of agility {unknown}
Books
 p - a book of Frost

   Spells                             Type                      Level
   a - Freeze                         Ice                          1
   b - Throw Frost                    Conjuration/Ice              2
   c - Ozocubu's Armour               Charms/Ice                   3
   d - Throw Icicle                   Conjuration/Ice              4
   e - Summon Ice Beast               Ice/Summoning                4
Comestibles
 f - 4 bread rations
 j - a beef jerky
 o - 3 slices of pizza
 r - 3 meat rations
 B - 5 fruits
 D - 2 chunks of flesh


   Skills:
 - Level 3.6 Fighting
 * Level 8.5 Axes
 + Level 6.7 Armour
 - Level 3.6 Shields


You had 6 spell levels left.
You didn't know any spells.

Dungeon Overview and Level Annotations

Branches:
Dungeon (7/15)
 Temple: D:4-7

Altars:
Elyvilon
Fedhas
Kikubaaqudgha
Ru
Xom
Yredelemnul

Shops:
D:4 :


Innate Abilities, Weirdness & Mutations

((You reflexively headbutt those who attack you in melee.))
((You have a pair of horns on your head.))


Message History

It was a potion o' lignification.
Ye turn inta a tree.
Yer +0 scale mail melds inta yer body.
Yer roots penetrate tha ground.
* * * LOW HITPOINT WARNIN'
* * * Ye feel sick.
Ye block tha killer bee's attack.
Tha killer bee stin's ye but does nay damage. x2
Ye block tha killer bee's attack.
Drink which item? (? fer menu, 'sc ta quit) It was a potion o' haste.
Ye feel yerself speed up.
* * * LOW HITPOINT WARNIN'
* * * Ye feel sick.
Tha killer bee stin's ye but does nay damage.
Ye block tha killer bee's attack.
Tha killer bee stin's ye but does nay damage.
Ye block tha killer bee's attack.
Ye be very lightly contaminated wit' residual magic.
Ye slash tha killer bee!
Ye kill tha killer bee!
Ye hit tha killer bee.
Tha killer bee be lightly wounded.
Ye die...

##+######
#.......#
#.......####
#......†y..#
#......♣#
#.......#
#.......#
#.......#
#.......#
#####..##
#######.####
#.....)....#
#..........#


You could see a killer bee.

Vanquished Creatures
  An ogre (D:5)
  2 killer bees (D:9)
  A crimson imp (D:5)
  3 hounds
  A centaur skeleton (D:9)
  4 orc wizards
  Jessica (D:3)
  An iguana (D:5)
  2 worker ants (D:4)
  3 gnolls (D:5)
  6 adders
  3 oozes
  An adder skeleton (D:4)
  8 worms
  4 giant geckos
  11 orcs
  3 ball pythons
  3 giant cockroaches
  7 goblins
  2 hobgoblins (D:2)
  6 jackals
  2 quokkas
  5 bats
  8 giant newts
  4 kobolds
  4 rats
96 creatures vanquished.

Vanquished Creatures (others)
  An orc wizard (D:3)
1 creature vanquished.

Grand Total: 97 creatures vanquished

Notes
Turn   | Place    | Note
--------------------------------------------------------------
     0 | D:1      | Heedrag the Minotaur Fighter began the quest for the Orb.
     0 | D:1      | Reached XP level 1. HP: 19/19 MP: 0/0
    73 | D:1      | Reached skill level 3 in Axes
    75 | D:1      | Reached XP level 2. HP: 20/26 MP: 1/1
   431 | D:2      | Reached skill level 4 in Axes
   442 | D:2      | Found a sacrificial altar of Ru.
   478 | D:2      | Reached XP level 3. HP: 26/31 MP: 2/2
   749 | D:2      | Found a blossoming altar of Fedhas.
  1346 | D:2      | Reached XP level 4. HP: 39/39 MP: 3/3
  1583 | D:3      | Noticed Jessica
  1588 | D:3      | Killed Jessica
  1588 | D:3      | Reached skill level 5 in Axes
  1599 | D:3      | Reached XP level 5. HP: 25/45 MP: 4/4
  1606 | D:3      | Reached skill level 5 in Armour
  1855 | D:3      | Found an ancient bone altar of Kikubaaqudgha.
  1953 | D:3      | Reached skill level 6 in Axes
  2677 | D:4      | Reached XP level 6. HP: 50/51 MP: 5/5
  2750 | D:4      | Reached skill level 7 in Axes
  2965 | D:4      | Found Ihumem's Book Boutique.
  3056 | D:5      | Entered Level 5 of the Dungeon
  3141 | D:5      | Reached XP level 7. HP: 24/57 MP: 6/6
  3317 | D:5      | Found a white marble altar of Elyvilon.
  3369 | D:5      | Found a basalt altar of Yredelemnul.
  3542 | D:5      | Found a shimmering altar of Xom.
  3542 | D:5      | Found a shimmering altar of Xom.
  3546 | D:5      | Found a shimmering altar of Xom.
  3546 | D:5      | Found a shimmering altar of Xom.
  3547 | D:5      | Found a shimmering altar of Xom.
  3590 | D:5      | You fall through a shaft for 2 floors!
  3591 | D:7      | Reached skill level 8 in Axes
  3702 | D:7      | You fall through a shaft for 2 floors!
  3739 | D:9      | HP: 3/85 [poisoned by a killer bee]
  3740 | D:9      | HP: 1/85 [poisoned by a killer bee]
  3741 | D:9      | Succumbed to a killer bee's poison

Skill      XL: |  1  2  3  4  5  6  7 |
---------------+----------------------+-----
Axes           | 3 4 5 6 7 8 |  8.5
Armour         | 4 5 6 |  6.7
Fighting       | |  3.6
Shields        | |  3.6

Action                   |  1- 3 |  4- 6 |  7- 9 || total
-------------------------+-------+-------+-------++-------
Melee: War axe           |   100 |   119 |    47 ||   266
       Headbutt          |    10 |    16 |     5 ||    31
  Use: Potion            |       |       |     3 ||     3
  Eat: Chunk             |     2 |     4 |     3 ||     9
Armor: Scale mail        |    44 |    49 |    20 ||   113
       Skin              |       |       |     4 ||     4
Dodge: Dodged            |    27 |    39 |    12 ||    78
Block: Shield            |    51 |    66 |    30 ||   147
